 Dungeon Crawl Stone Soup version 0.30-a0-986-g7f2e898f52 (webtiles) character file.

Game seed: 72627382679221292

114 DeathPants the Charlatan (level 4, -1/23 HPs)
             Began as a Vine Stalker Wanderer on Apr 1, 2023.
             Was a Follower of Kikubaaqudgha.
             Slain by Grinder (4 damage)
             ... on level 3 of the Dungeon.
             The game lasted 00:08:54 (2033 turns).

DeathPants the Charlatan (Vine Stalker Wanderer)    Turns: 2033, Time: 00:08:54

Health: -1/23      AC:  6    Str: 19    XL:     4   Next: 98%
Magic:  0/7        EV: 11    Int:  9    God:    Kikubaaqudgha [*.....]
Gold:   118        SH:  0    Dex: 14    Spells: 5/6 levels left

rFire   . . .      SeeInvis .    a - +0 hand axe
rCold   . . .      Faith    .    (no shield)
rNeg    . . .      Spirit   +    r - +0 leather armour
rPois   .          Reflect  .    k - +0 helmet
rElec   .          Rampage  .    l - +0 cloak
rCorr   .                        t - +0 pair of gloves
Will    .....                    (no boots)
Stlth   +                        w - amulet of regeneration
HPRegen 1.83/turn                (no ring)
MPRegen 0.10/turn                (no ring)

@: lethally poisoned (-1 -> -1)
A: fangs 2, regeneration 1, magic shield, antimagic bite, no potion heal 2
a: Renounce Religion, Unearth Wretches


You were on level 3 of the Dungeon.
You worshipped Kikubaaqudgha.
Kikubaaqudgha was aware of your devotion.
You visited 1 branch of the dungeon, and saw 4 of its levels.

You collected 118 gold pieces.

Inventory:

Hand Weapons
 a - a +0 hand axe (weapon)
Missiles
 f - 3 poisoned darts
Armour
 b - a +2 scale mail
 k - a +0 helmet (worn)
 l - a +0 cloak (worn)
 r - a +0 leather armour (worn)
 t - a +0 pair of gloves (worn)
Jewellery
 w - an amulet of regeneration (around neck)
Wands
 c - a wand of flame (1)
Scrolls
 d - a scroll of fog
 e - 7 scrolls of identify {unknown}
 n - 2 scrolls of enchant armour {unknown}
 p - 4 scrolls of teleportation {unknown}
 q - a scroll of noise {unknown}
Potions
 g - a potion of might {unknown}
 h - a potion of haste {unknown}
 i - a potion of curing {unknown}
 j - a potion of lignification {unknown}
 m - a potion of flight {unknown}
 o - a potion of magic {unknown}
 s - a potion of mutation {unknown}
 u - a potion of berserk rage {unknown}
 v - a potion of attraction {unknown}


   Skills:
 + Level 2.3 Fighting
 + Level 2.3 Axes
 - Level 1.0 Throwing
 - Level 1.5 Armour
 - Level 1.2 Stealth
 + Level 1.6 Spellcasting
 + Level 1.1 Necromancy
 - Level 3.2 Evocations


You had 5 spell levels left.
You knew the following spells:

 Your Spells              Type           Power      Damage    Failure   Level
a - Necrotise             Necr           8%         1d4       26%         1

Your spell library contained the following spells:

 Spells                   Type           Power      Damage    Failure   Level
 Kiss of Death            Conj/Necr      4%         2d5       32%         1
 Sublimation of Blood     Necr           2%         N/A       36%         2
 Apportation              Tloc           0%         N/A       38%         1
 Cigotuvi's Dreadful Rot  Necr/Pois/Air  2%         N/A       47%         2
 Alistair's Intoxication  Tmut/Pois      0%         N/A       100%        5


Dungeon Overview and Level Annotations

Branches:
Dungeon (4/15)
 Temple: D:4-7

Altars:
Gozag
Kikubaaqudgha

Shops:
D:2 *

Annotations:
D:3 Grinder, Ijyb


Innate Abilities, Weirdness & Mutations

You have extremely sharp teeth.
Your natural rate of healing is unusually fast.
When hurt, damage is shared between your health and your magic reserves.
Your bite disrupts and absorbs the magic of your enemies.
Potions cannot restore your health.


Message History

A kobold comes into view.
It is wielding a +0 short sword of venom and quivering poisoned darts.
Grinder comes into view.
Grinder shouts!
You see here a +0 club.
Aiming: Throw Flame
Press: ? - help, Shift-Dir - straight line, f - Grinder
Aim: Grinder (68% to hit)
The puff of flame hits Grinder.
Grinder is lightly wounded.
Aiming: Throw Flame
Press: ? - help, Shift-Dir - straight line, f/p - Grinder
Aim: Grinder (lightly wounded, 68% to hit)
The puff of flame hits Grinder.
Grinder is lightly wounded.
Grinder blinks!
Grinder hits you!
You writhe in agony.
You hit Grinder.
Grinder is moderately wounded.
Grinder barely misses you.
You hit Grinder. You bite Grinder, but do no damage.
Grinder is moderately wounded.
The kobold throws a poisoned dart.
The poisoned dart hits you!
You are poisoned.
Grinder gestures at you. Pain shoots through your body!
You hit Grinder. You bite Grinder.
Grinder's magic leaks into the air.
You drain her magic.
You feel invigorated.
Grinder is heavily wounded.
You feel sick.
The kobold throws a poisoned dart.
The poisoned dart barely misses you.
The poisoned dart hits Grinder!
Grinder is poisoned.
Grinder hits you.
You writhe in agony.
You hit Grinder.
Grinder is heavily wounded.
You feel sick.
Grinder's magic is no longer disrupted.
Grinder gestures at you. You resist with significant effort. Grinder hits you!
* * * LOW HITPOINT WARNING * * *
You writhe in agony.
You die...
Kikubaaqudgha rasps: "You have failed me!
Welcome... death!"

##. ... #..
#.# #.# #
#.#.#
.######K#.##.#
..)....).....#
.#####.@######
#.5#######
...#
#........> ..#
#..#
##.####### #.#
#..# #.# #.#
#..# #.# #.# #
#..# #†# #.#
## #..# #.#
#.#
.#######..###
#.#
####.######


You could see Grinder (very poisoned) and a kobold.

Vanquished Creatures
  2 adders (D:3)
  A worm (D:2)
  3 dart slugs
  4 orcs
  7 bats
  4 endoplasms
  4 giant cockroaches
  12 goblins
  6 hobgoblins
  7 jackals (D:1)
  3 quokkas
  8 ball pythons
  4 frilled lizards
  3 kobolds
  5 rats
73 creatures vanquished.

Notes
Turn   | Place    | Note
-------+----------+-------------------------------------------
     0 | D:1      | DeathPants the Vine Stalker Wanderer began the quest for
                  | the Orb.
     0 | D:1      | DeathPants set off with the following items: a +0 hand axe,
                  | a +2 scale mail, a wand of flame (6), a scroll of fog.
     0 | D:1      | Reached XP level 1. HP: 10/10 MP: 3/3
   110 | D:1      | Reached XP level 2. HP: 14/14 MP: 4/4
   267 | D:1      | Reached skill level 3 in Evocations
   338 | D:1      | Reached XP level 3. HP: 17/18 MP: 3/5
   914 | D:2      | Found an ancient bone altar of Kikubaaqudgha.
   959 | D:2      | Became a worshipper of Kikubaaqudgha
  1076 | D:2      | Gained mutation: Your natural rate of healing is unusually
                  | fast. [Vine Stalker growth]
  1076 | D:2      | Reached XP level 4. HP: 21/23 MP: 6/6
  1121 | D:3      | Noticed Ijyb
  1398 | D:2      | Found Qoefip's Assorted Antiques.
  1405 | D:2      | Reached * piety under Kikubaaqudgha
  1405 | D:2      | Received a gift from Kikubaaqudgha
  1408 | D:2      | Learned a level 1 spell: Necrotise
  1540 | D:2      | Found a faded altar of an unknown god.
  1732 | D:3      | Found an opulent altar of Gozag.
  1744 | D:3      | Reached skill level 1 in Necromancy
  1933 | D:4      | Noticed a phantom
  1933 | D:4      | Noticed a black bear
  2025 | D:3      | Noticed Grinder
  2033 | D:3      | Slain by Grinder

Illustrated notes

Levels and vault maps discovered:
D:1:      onia_arrival_handbag, layout_loops_ring
D:2:      layout_basic, basic_ecumenical_altar, basic_altar, serial_shops,
          nicolae_shop_advertising_works [nicolae_subvault_shop_adworks]
D:3:      layout_loops_ring, grunt_gozag_statues, uniq_grinder, uniq_ijyb
D:4:      layout_basic, mainiacjoe_overflow_paths

Skill      XL: |  1  2  3  4 |
---------------+-------------+-----
Evocations     | 3 |  3.2
Fighting       | 2 |  2.3
Axes           | 2 |  2.3
Necromancy     | 1 |  1.1
Throwing       | |  1.0
Armour         | |  1.5
Stealth        | |  1.2
Spellcasting   | |  1.6

Action                     |  1- 3 |  4- 6 || total
---------------------------+-------+-------++-------
  Melee: Hand axe          |   136 |    78 ||   214
         Bite              |    30 |    20 ||    50
         Punch             |     1 |     2 ||     3
  Evoke: Wand              |       |     5 ||     5
 Armour: Scale mail        |    79 |    35 ||   114
         Leather armour    |       |     1 ||     1
  Dodge: Dodged            |    99 |    40 ||   139

Table legend: (Time is in decaauts)
 A = Elapsed time spent in this place.
 B = Non-inter-level travel time spent in this place.
 C = Inter-level travel time spent in this place.
 D = Time resting spent in this place.
 E = Time spent auto-exploring this place.
 F = Levels seen in this place.
 G = Mean time per level.
                   A        B        C        D        E       F      G
               +--------+--------+--------+--------+--------+-----+--------+
         Total |   2080 |   2036 |     44 |      0 |   1215 |   4 |  520.0 |
       Dungeon |   2080 |   2036 |     44 |      0 |   1215 |   4 |  520.0 |
               +--------+--------+--------+--------+--------+-----+--------+

Top non-repeatable levels by time:
     D:1: 842 daAuts
     D:2: 760 daAuts
     D:3: 476 daAuts
     D:4: 1 daAuts
